 Dungeon Crawl Stone Soup version 0.17.2 (webtiles) character file.

15221 Miyamura the Grappler (level 11, -19/113 HPs)
             Began as a Troll Monk on June 29, 2016.
             Was a High Priest of Okawaru.
             Killed from afar by an orc (23 damage)
             ... with an exploding inner flame
             ... hexed by the player character
             ... on level 4 of the Orcish Mines.
             The game lasted 00:45:29 (14097 turns).

Miyamura the Grappler (Troll Monk)                 Turns: 14097, Time: 00:45:30

Health: -19/113    AC: 15    Str: 21    XL:     11   Next: 99%
Magic:  12/12      EV: 13    Int: 12    God:    Okawaru [*****.]
Gold:   1326       SH:  0    Dex: 12    Spells: 0 memorised, 10 levels left

rFire  . . .     SeeInvis .     E - +1 flail (protect)
rCold  . . .     Clarity  .     H - +1 robe {MR+}
rNeg   . . .     SustAt   +     (no shield)
rPois  .         Gourm    +     R - +2 hat {Int+3}
rElec  .         Spirit   .     (no cloak)
rCorr  .         Warding  .     (gloves unavailable)
rMut   .         Stasis   .     (boots unavailable)
MR     +....                    (no amulet)
Stlth  ++........               C - +2 ring of protection
                                A - ring of sustain attributes

@: somewhat resistant to hostile enchantments, unstealthy
A: unfitting armour, claws 3, fast metabolism 3, gourmand, regeneration 2,
shaggy fur 1, tough skin 2
a: Heroism, Finesse, Renounce Religion


You were on level 4 of the Orcish Mines.
You worshipped Okawaru.
Okawaru was extremely pleased with you.
You were very full.

You visited 4 branches of the dungeon, and saw 16 of its levels.
You also visited: Volcano.

You collected 1936 gold pieces.
You spent 610 gold pieces at shops.

Inventory:

Hand Weapons
 q - a +5 flail of draining
 D - a +0 giant spiked club of draining
 E - a +1 flail of protection (weapon)
Missiles
 a - a throwing net
 Q - 2 large rocks (quivered)
Armour
 m - a +1 robe of fire resistance
 H - a +1 robe of magic resistance (worn)
 N - a +0 robe of positive energy
 O - a +1 troll leather armour
 R - a +2 hat of intelligence (worn)
Jewellery
 j - an uncursed ring of fire
 A - a ring of sustain attributes (left claw)
 C - a +2 ring of protection (right claw)
 G - an uncursed ring of teleportation
 M - an uncursed ring of magical power
Wands
 u - a wand of draining (0)
 K - a wand of slowing (18)
 S - a wand of teleportation (8)
Scrolls
 e - 5 scrolls of remove curse
 f - a scroll of teleportation
 g - a scroll of fear
 h - 3 scrolls of amnesia
 o - 4 scrolls of immolation
 v - 2 scrolls of magic mapping
Potions
 c - 3 potions of flight
 n - a potion of curing
 p - a potion of magic
 s - a potion of lignification {unknown}
 t - a potion of haste
 w - 2 potions of ambrosia {unknown}
 z - 2 potions of brilliance
 B - a potion of agility
Books
 d - a book of Conjurations

   Spells                             Type                      Level
   a - Magic Dart                     Conjuration                  1
   b - Searing Ray                    Conjuration                  2
   c - Dazzling Spray                 Conjuration/Hexes            3
   d - Fulminant Prism                Conjuration/Hexes            4
   e - Iskenderun's Mystic Blast      Conjuration                  4
   f - Iskenderun's Battlesphere      Conjuration/Charms           5
Comestibles
 b - 9 bread rations
 i - 20 fruits
 l - 3 slices of pizza
 r - a royal jelly
 x - 3 meat rations
 F - a beef jerky


   Skills:
 + Level 8.5 Fighting
 + Level 8.5 Maces & Flails
 + Level 4.6 Throwing
 + Level 8.4 Dodging
 - Level 1.1 Stealth
 - Level 9.3 Unarmed Combat
 + Level 3.3 Evocations


You had 10 spell levels left.
You didn't know any spells.

Dungeon Overview and Level Annotations

Branches:
Dungeon (10/15)            Temple (1/1) D:6            Lair (1/8) D:10
    Orc (4/4) D:10            Elf (0/3) Orc:4

Altars:
Ashenzari
Cheibriados
Dithmenos
Elyvilon
Fedhas
Gozag
Kikubaaqudgha
Makhleb
Nemelex Xobeh
Okawaru
Qazlal
Ru
Sif Muna
Trog
Vehumet
Xom
Yredelemnul
Zin
The Shining One
Beogh

Shops:
D:4 ?*?!?   Orc:2 (

Portals:
Ice
Cave: Orc:4


Innate Abilities, Weirdness & Mutations

You are too large for most types of armour.
You have claws for hands.
Your metabolism is lightning-fast.
You like to eat raw meat.
You heal very quickly.
You are covered in fur (AC +1).
You have very tough skin (AC +2).


Message History

The white imp is burned terribly!
The white imp explodes!
The fiery explosion engulfs the orc.
The orc explodes!
The fiery explosion engulfs you!
The fiery explosion engulfs something.
The fiery explosion engulfs you!
The fiery explosion engulfs the orc.
The orc explodes!
The fiery explosion engulfs the orc priest.
The orc priest explodes!
The fiery explosion engulfs you!
The fiery explosion engulfs the orc.
The orc explodes!
Okawaru accepts your kill. x4
Reactivating autopickup.
You feel a bit more experienced. Okawaru accepts your kill.
The fiery explosion engulfs you!
* * * LOW HITPOINT WARNING * * *
Okawaru accepts your kill. x2
The fiery explosion engulfs you!
You die...

,,,,,,,,,,,,,,*,,,,,,,,,,,,,,,*
,,,,,,,,,...$...,,......,,,*,**
,,,,,,,,........,#...........**
,,,,,,,,........#....%........*
,,,,,,,,..$......#............*
,,,,,,,,..........#..........#*
,,,,,,,,.......#§§............*
,,,,,,,,....5§§§§§§§#..$.....#*
,,,,,,,,.....§§§@§§§...%......*
,*,,,,,,....5§§§§§§§.........#*
*,,,,,,,5....o§§§§§...<......#
,*,,,,,,......#§.§...........#*
,,,,,,,,......................*
,,,,,,,,...#...........$......*
,,,,,,,,5.$.....$.............*
,,,,,,,,.,.#........#..%......*
,,,,,,,,,.....................*


You could see an orc wizard (inner flame) and 2 white imps.

Vanquished Creatures
  Snorg (Orc:1)
  Erolcha (D:8)
  An orc high priest (Orc:3)
  Nergalle (Orc:2)
  An unseen horror (D:10)
  The ghost of Thomus the Chopper, a novice HOFi of Okawaru (D:5)
  An orc sorcerer (Orc:3)
  3 toenail golems (Volcano)
  A spiny frog (Lair:1)
  2 trolls
  A two-headed ogre (D:9)
  A wyvern (D:10)
  A deep elf mage (D:10)
  Eustachio (D:5)
  6 humans (Volcano)
  3 hippogriffs
  A hungry ghost (D:9)
  Edmund (D:5)
  A porcupine (Lair:1)
  A black bear (D:4)
  2 ice beasts
  2 phantoms
  2 necrophages
  A swamp drake (D:10)
  13 orc warriors
  A wasp (D:6)
  4 sky beasts
  A crocodile (D:8)
  16 ogres
  4 centaurs
  7 giant frogs
  A wyvern zombie (D:8)
  3 killer bees (Lair:1)
  6 crimson imps
  2 electric eels (D:8)
  2 quasits (D:7)
  4 jellies
  18 orc wizards
  2 giant frog skeletons
  21 orc priests
  5 hounds
  A wasp zombie (D:7)
  A centaur skeleton (D:8)
  8 worker ants
  2 iguanas (D:7)
  A hound skeleton (D:4)
  4 worker ant zombies
  11 adders
  11 gnolls (D:3)
  2 shadow imps
  2 white imps (Orc:4)
  An ooze (D:1)
  2 adder zombies
  3 adder skeletons
  4 worms
  5 giant geckos
  126 orcs
  7 giant cockroaches
  5 hobgoblins
  8 jackals
  7 quokkas
  A ball python skeleton (D:4)
  6 bats
  2 giant gecko skeletons
  5 giant newts
  6 goblins
  A jackal zombie (D:8)
  8 kobolds
  2 quokka zombies
  A rat (D:2)
  A fungus (D:8)
391 creatures vanquished.

Vanquished Creatures (others)
  2 orc wizards
  3 orcs
5 creatures vanquished.

Grand Total: 396 creatures vanquished

Notes
Turn   | Place    | Note
--------------------------------------------------------------
     0 | D:1      | Miyamura the Troll Monk began the quest for the Orb.
     0 | D:1      | Reached XP level 1. HP: 22/22 MP: 0/0
   146 | D:1      | Reached XP level 2. HP: 29/29 MP: 1/1
   588 | D:2      | Reached XP level 3. HP: 28/37 MP: 2/2
  1266 | D:3      | Reached XP level 4. HP: 45/45 MP: 3/3
  1628 | D:3      | Reached XP level 5. HP: 53/53 MP: 4/4
  1901 | D:3      | Found a sparkling altar of Nemelex Xobeh.
  2106 | D:3      | Reached skill level 1 in Maces & Flails
  2150 | D:3      | Reached skill level 5 in Unarmed Combat
  2254 | D:4      | Reached XP level 6. HP: 62/62 MP: 5/5
  2298 | D:4      | Found Cezuce's Magic Scroll Shop.
  2311 | D:4      | Bought a scroll of magic mapping for 49 gold pieces
  2311 | D:4      | Bought a scroll of identify for 28 gold pieces
  2311 | D:4      | Bought a scroll of teleportation for 42 gold pieces
  2355 | D:4      | Found Zobaih's General Store.
  2376 | D:4      | Found Kiwoaxep's Magic Scroll Shop.
  2569 | D:4      | Found Seorapu's Distillery.
  2577 | D:4      | Bought a potion of degeneration for 12 gold pieces
  2678 | D:4      | Found Mask's Magic Scroll Shoppe.
  2683 | D:4      | Bought a scroll of identify for 22 gold pieces
  2683 | D:4      | Bought a scroll of identify for 22 gold pieces
  2811 | D:4      | Noticed a black bear
  2823 | D:4      | Killed a black bear
  3072 | D:4      | Found an iron altar of Okawaru.
  3073 | D:4      | Found a bloodstained altar of Trog.
  3085 | D:4      | Became a worshipper of Warmaster Okawaru
  3085 | D:4      | Reached * piety under Okawaru
  3085 | D:4      | Reached ** piety under Okawaru
  3174 | D:5      | Entered Level 5 of the Dungeon
  3247 | D:5      | Noticed Edmund
  3269 | D:5      | Killed Edmund
  3269 | D:5      | Reached XP level 7. HP: 68/71 MP: 6/6
  3603 | D:5      | Reached skill level 6 in Unarmed Combat
  3641 | D:5      | Noticed Eustachio
  3685 | D:5      | Killed Eustachio
  3685 | D:5      | Reached XP level 8. HP: 76/79 MP: 4/7
  3810 | D:5      | Noticed Thomus's ghost (novice HOFi)
  3958 | D:5      | Killed Thomus's ghost
  3958 | D:5      | Reached *** piety under Okawaru
  3958 | D:5      | Reached skill level 5 in Fighting
  3958 | D:5      | Reached skill level 5 in Dodging
  4374 | D:6      | Reached skill level 7 in Unarmed Combat
  4534 | D:6      | Paralysed by a wasp for 1 turns
  4540 | D:6      | Paralysed by a wasp for 2 turns
  4574 | D:6      | Found a sparkling altar of Nemelex Xobeh.
  4668 | D:6      | Found a staircase to the Ecumenical Temple.
  4675 | D:6      | Reached XP level 9. HP: 83/88 MP: 8/8
  4736 | D:6      | Reached **** piety under Okawaru
  4845 | D:6      | Found a stormy altar of Qazlal.
  4873 | D:6      | Found a glowing golden altar of the Shining One.
  4873 | D:6      | Found a sparkling altar of Nemelex Xobeh.
  4874 | D:6      | Found a shadowy altar of Dithmenos.
  4874 | D:6      | Found a white marble altar of Elyvilon.
  4874 | D:6      | Found a snail-covered altar of Cheibriados.
  4874 | D:6      | Found a deep blue altar of Sif Muna.
  5055 | Temple   | Entered the Ecumenical Temple
  5166 | D:6      | Reached skill level 5 in Maces & Flails
  5266 | D:7      | Got a smoking quarterstaff
  5267 | D:7      | Identified the +8 quarterstaff of Sulphur {venom, Int+3} (You found it on level 7 of the Dungeon)
  6209 | D:8      | Reached skill level 8 in Unarmed Combat
  6435 | D:8      | Reached ***** piety under Okawaru
  7012 | D:8      | Reached XP level 10. HP: 91/100 MP: 9/9
  7034 | D:8      | Found a basalt altar of Yredelemnul.
  7041 | D:8      | Found a blossoming altar of Fedhas.
  7087 | D:8      | Noticed Erolcha
  7103 | D:8      | Killed Erolcha
  7186 | D:8      | Found a blossoming altar of Fedhas.
  7918 | D:9      | Reached skill level 9 in Unarmed Combat
  8176 | D:9      | Received a gift from Okawaru
  8176 | D:9      | Reached skill level 1 in Throwing
  8700 | D:10     | Entered Level 10 of the Dungeon
  8842 | D:4      | Bought a scroll of identify for 20 gold pieces
  8842 | D:4      | Bought a scroll of identify for 20 gold pieces
  8842 | D:4      | Bought a scroll of identify for 20 gold pieces
  8842 | D:4      | Bought a scroll of identify for 20 gold pieces
  8842 | D:4      | Bought a scroll of brand weapon for 200 gold pieces
  8842 | D:4      | Bought a scroll of recharging for 95 gold pieces
  8909 | D:4      | Bought a scroll of magic mapping for 38 gold pieces
  8909 | D:4      | Bought a scroll of identify for 22 gold pieces
  9164 | D:10     | HP: 1/102 [orc priest/divine providence (9)]
  9184 | D:10     | Found a staircase to the Lair.
  9188 | Lair:1   | Entered Level 1 of the Lair of Beasts
  9715 | D:10     | Reached XP level 11. HP: 91/109 MP: 10/10
  9875 | D:10     | Killed an unseen horror
  9875 | D:10     | Reached skill level 1 in Evocations
 10205 | D:10     | Found a staircase to the Orcish Mines.
 10549 | Orc:1    | Entered Level 1 of the Orcish Mines
 10671 | Orc:2    | Noticed Nergalle
 10743 | Orc:2    | Noticed a spectral orc warlord
 10768 | Orc:2    | Found a dark tunnel.
 10777 | Volcano  | Entered a volcano
 11264 | Orc:1    | Noticed Snorg
 11564 | Orc:2    | Noticed a spectral orc warlord
 11564 | Orc:2    | Noticed a spectral orc warlord
 11567 | Orc:2    | Killed Nergalle
 11689 | Orc:2    | Found Wauw's Weapon Shoppe.
 12096 | Orc:1    | Killed Snorg
 12410 | Orc:1    | Found a roughly hewn altar of Beogh.
 13571 | Orc:3    | Noticed an orc high priest
 13591 | Orc:3    | HP: 4/113 [blue devil[an orc high priest] (13)]
 13593 | Orc:3    | Killed an orc high priest
 13593 | Orc:3    | Received a gift from Okawaru
 13596 | Orc:3    | HP: 3/113 [poisoned by an orange demon]
 13597 | Orc:3    | Found a roughly hewn altar of Beogh.
 13602 | Orc:3    | HP: 3/113 [poisoned by an orange demon]
 13609 | Orc:3    | HP: 4/113 [poisoned by an orange demon]
 14084 | Orc:4    | Entered Level 4 of the Orcish Mines
 14092 | Orc:4    | Found a frozen archway.
 14097 | Orc:4    | HP: 4/113 [white imp/exploding inner flame[the player character] (37)]
 14097 | Orc:4    | Killed from afar by an orc

Action                   |  1- 3 |  4- 6 |  7- 9 | 10-12 || total
-------------------------+-------+-------+-------+-------++-------
Melee: Unarmed           |   105 |   126 |     4 |       ||   235
       Flail             |       |       |   542 |  1106 ||  1648
Invok: Heroism           |       |       |     2 |     6 ||     8
       Finesse           |       |       |       |     2 ||     2
Evoke: Wand              |       |       |     3 |    20 ||    23
  Use: Scroll            |       |     7 |     2 |    33 ||    42
       Potion            |       |     2 |     5 |     6 ||    13
 Stab: Sleeping          |     3 |     3 |     6 |       ||    12
       Distracted        |       |       |     4 |       ||     4
       Invisible         |       |       |       |     3 ||     3
       Confused          |       |       |       |     1 ||     1
  Eat: Chunk             |    12 |    23 |    35 |    70 ||   140
       Royal jelly       |       |       |     1 |     2 ||     3
       Meat ration       |       |       |       |     1 ||     1
       Beef jerky        |       |       |       |     1 ||     1
